 Dungeon Crawl Stone Soup version 0.29-a0-961-gfab03dca74 (webtiles) character file.

Game seed: 1187145413927053597

156 CannotBeFrozen the Ruffian (level 4, -1/34 HPs)
             Began as a Demigod Transmuter on July 30, 2022.
             Killed by divine providence
             ... invoked by an orc priest
              (11 damage)
             ... on level 2 of the Dungeon.
             The game lasted 00:06:21 (3043 turns).

CannotBeFrozen the Ruffian (Demigod Transmuter)     Turns: 3043, Time: 00:06:21

Health: -1/34      AC:  6    Str: 15    XL:     4   Next: 91%
Magic:  9/9        EV: 11    Int: 15    God:
Gold:   103        SH:  0    Dex: 14    Spells: 4/7 levels left

rFire   . . .      SeeInvis .     - Unarmed
rCold   + . .      Faith    .   (no shield)
rNeg    . . .      Spirit   .   h - +0 ring mail
rPois   .          Reflect  .   (no helmet)
rElec   .          Harm     .   f - +0 cloak
rCorr   .          Rampage  .   (no gloves)
Will    .....                   (no boots)
Stlth   +.........              (no amulet)
HPRegen 0.11/turn               j - ring of protection from cold
MPRegen 0.11/turn               (no ring)

@: no status effects
A: high MP 1, forlorn, divine attributes
a: no special abilities


You were on level 2 of the Dungeon.
You visited 1 branch of the dungeon, and saw 3 of its levels.

You collected 103 gold pieces.

Inventory:

Missiles
 d - 2 javelins
 i - 14 stones
 q - 6 poisoned darts (quivered)
Armour
 f - a +0 cloak (worn)
 h - a +0 ring mail (worn)
Jewellery
 j - a ring of protection from cold (left hand)
Scrolls
 a - a scroll of magic mapping {unknown}
 g - a scroll of teleportation {unknown}
 n - 2 scrolls of identify {unknown}
 o - a scroll of poison {unknown}
Potions
 b - a potion of lignification
 c - 3 potions of degeneration {unknown}
 e - a potion of brilliance {unknown}
 k - a potion of haste
 l - a potion of mutation {unknown}
 m - a potion of might {unknown}
 p - a potion of curing {unknown}


   Skills:
 - Level 0.8 Fighting
 - Level 1.7 Dodging
 - Level 4.4 Unarmed Combat
 - Level 2.0 Spellcasting
 + Level 3.2 Transmutations


You had 4 spell levels left.
You knew the following spells:

 Your Spells              Type           Power      Damage    Failure   Level
a - Beastly Appendage     Tmut           22%        N/A       12%         1
w - Wereblood             Tmut           11%        N/A       19%         2

Your spell library contained the following spells:

 Spells                   Type           Power      Damage    Failure   Level
 Sublimation of Blood     Necr           1%         N/A       54%         2
 Spider Form              Tmut/Pois      6%         N/A       56%         3
 Ice Form                 Ice/Tmut       6%         N/A       92%         4
 Summon Hydra             Summ           0%         N/A       100%        7


Dungeon Overview and Level Annotations

Branches:
Dungeon (3/15)


Innate Abilities, Weirdness & Mutations

You have an increased reservoir of magic. (+10% MP)
You shall have no god before yourself.
Your divine heritage dramatically boosts your attributes as you level up.


Message History

Your transformation is almost over.
You closely miss the orc priest. You closely miss the orc priest.
You claw the orc priest, but do no damage.
The orc priest barely misses you. The orc hits you with a +0 dagger.
HP: 32/34 (-2) ===========- The orc priest barely misses you.
The orc hits you with a +0 dagger.
You climb upwards.
There is a stone staircase leading down here.
HP: 28/34 (-4) =========--- !
You hit the orc priest. Your headbutt misses the orc priest.
The orc priest is moderately wounded.
The orc priest hits you but does no damage.
The orc barely misses you.
You hit the orc priest but do no damage.
You claw the orc priest.
The orc priest is heavily wounded.
The orc priest closely misses you. The orc hits you but does no damage.
You barely miss the orc priest.
The orc priest is heavily wounded.
The orc priest calls down the wrath of Beogh upon you.
Beogh smites you! The orc hits you with a +0 dagger.
HP: 20/34 (-8) =======----- !!
You hit the orc priest but do no damage.
You claw the orc priest.
The orc priest is heavily wounded.
Your horns disappear.
Your talons disappear.
The orc priest invokes the aid of Beogh against you.
Beogh smites you!
* * * LOW HITPOINT WARNING * * *
The orc hits you but does no damage.
HP: 10/34 (-10) ===--------- !!
You closely miss the orc priest.
The orc priest is heavily wounded.
The orc priest barely misses you. The orc hits you but does no damage.
You completely miss the orc priest.
The orc priest is heavily wounded.
The orc priest calls down the wrath of Beogh upon you.
Beogh smites you!
You die...

#.....##.........#
##.######....#.#.##### #.#
##.#.#.......# #.#
#.#.###.###.# ####.####
#.#.....###.#### #.......#
##+######....>..#
#.##.##.###...## #.##.##.#
#.##.##.##.>...## #....##.#
#†...##.#....@).###..#.##†#
#####...###.....oo...##.....#.#
.....................'........#
#####...####.........##.......#
##..### ##.......####.#.####
#.....# ##.....## ##.######
##.##.# ##...## #.......#
####.# ##'## #..####.# #.# #.#
#..####.#


You could see an orc priest and an orc.

Vanquished Creatures
  Natasha (thrice) (D:2)
  4 adders (D:2)
  2 worms
  2 ball pythons
  2 endoplasms
  7 goblins
  3 hobgoblins (D:2)
  6 kobolds
  A quokka (D:2)
  6 bats
  A frilled lizard (D:1)
  5 rats
42 creatures vanquished.

Notes
Turn   | Place    | Note
-------+----------+-------------------------------------------
     0 | D:1      | CannotBeFrozen the Demigod Transmuter began the quest for
                  | the Orb.
     0 | D:1      | Reached XP level 1. HP: 15/15 MP: 5/5
   320 | D:1      | Reached skill level 3 in Unarmed Combat
   573 | D:1      | Reached XP level 2. HP: 21/22 MP: 5/7
  1544 | D:2      | Reached skill level 4 in Unarmed Combat
  1544 | D:2      | Reached XP level 3. HP: 27/27 MP: 4/8
  1549 | D:2      | Noticed Natasha
  1559 | D:2      | Killed Natasha
  1801 | D:2      | Reached XP level 4. HP: 34/34 MP: 6/9
  1930 | D:2      | Learned a level 2 spell: Wereblood
  2689 | D:2      | Noticed Natasha
  2695 | D:2      | Killed Natasha
  2695 | D:2      | Noticed Natasha
  2701 | D:2      | Killed Natasha
  3043 | D:2      | Killed from afar by an orc priest

Illustrated notes

Levels and vault maps discovered:
D:1:      dpeg_arrival_renting, layout_basic,
          dreamdust_ecumenical_altar_angels_and_demons, serial_corexii_hall,
          chequers_hall_statues_y, chequers_hall_statues_y, minmay_pentomino_x4
D:2:      layout_loops_corners, basic_altar, uniq_natasha
D:3:      layout_basic, uniq_robin

Skill      XL: |  1  2  3  4 |
---------------+-------------+-----
Unarmed Combat | 3 4 |  4.4
Transmutations | 3 |  3.2
Spellcasting   | 2 |  2.0
Fighting       | |  0.8
Dodging        | |  1.7

Action                   |  1- 3 |  4- 6 || total
-------------------------+-------+-------++-------
Melee: Unarmed           |    69 |    56 ||   125
       Kick              |    16 |    19 ||    35
       Headbutt          |    13 |     6 ||    19
 Cast: Beastly Appendage |    21 |    10 ||    31
Armor: Robe              |     2 |       ||     2
       Leather armour    |     2 |       ||     2
       Ring mail         |    16 |    30 ||    46
Dodge: Dodged            |    53 |    33 ||    86

Table legend: (Time is in decaauts)
 A = Elapsed time spent in this place.
 B = Non-inter-level travel time spent in this place.
 C = Inter-level travel time spent in this place.
 D = Time resting spent in this place.
 E = Time spent auto-exploring this place.
 F = Levels seen in this place.
 G = Mean time per level.
                   A        B        C        D        E       F      G
               +--------+--------+--------+--------+--------+-----+--------+
         Total |   3036 |   2990 |     46 |    540 |   1955 |   3 | 1012.0 |
       Dungeon |   3036 |   2990 |     46 |    540 |   1955 |   3 | 1012.0 |
               +--------+--------+--------+--------+--------+-----+--------+

Top non-repeatable levels by time:
     D:2: 1552 daAuts
     D:1: 1284 daAuts
     D:3: 199 daAuts
